AoeStats
← kimbo

Arabia

509412246Analyzed
2v2 RM · 6d ago on Sep 26, 2026· 36m 57s· 4 players
Game mode
Random Map
Map size
Medium (4 player)
Population
200
Speed
Normal
Resources
Standard
Victory
Conquest
Starting age
Dark Age
Ending age
Imperial Age
RankedLock teamsTeams togetherTeam positionsShared explorationLock speedFull tech treeHidden civsTurbo modeCheats
Victory
Defeat
🇦🇷 Maya · Argentina
1324
+16
🇦🇷 Persians · Argentina
1310
+18
🇦🇷 Spanish · Argentina
1336
-17
🇦🇷 Berbers · Argentina
1332
-17
Pingocho
8:33 Feudal Age
8:58 Loom
8:59 Double-Bit Axe
20:52 Castle Age
19:44 Scale Barding Armor
19:55 Bloodlines
20:32 Gold Mining
20:36 Horse Collar
21:49 Chain Barding Armor
24:03 Forging
25:30 Bow Saw
26:24 Husbandry
27:46 Heavy Plow
30:03 Iron Casting
31:06 Wheelbarrow
35:19 Imperial Age
35:52 Gold Shaft Mining
36:33 Plate Barding Armor
35:19 Heavy Camel Rider
kimbo
0:25 Loom
8:52 Feudal Age
9:21 Double-Bit Axe
13:38 Fletching
22:50 Castle Age
21:08 Gold Mining
22:58 Crossbowman
24:01 Bow Saw
24:15 Bodkin Arrow
29:43 Ballistics
29:49 Padded Archer Armor
35:46 Imperial Age
34:54 Leather Archer Armor
34:45 Thumb Ring
35:16 Pikeman
35:57 Squires
36:41 Bracer
Helado de Diarrea
6:46 Loom
9:17 Feudal Age
13:51 Horse Collar
15:59 Forging
17:49 Wheelbarrow
18:04 Bloodlines
27:20 Castle Age
27:15 Scale Barding Armor
27:10 Scale Mail Armor
27:39 Double-Bit Axe
28:04 Husbandry
28:28 Chain Barding Armor
30:46 Iron Casting
32:34 Hand Cart
34:29 Heavy Plow
Tocinito del Diablo
8:55 Feudal Age
7:58 Loom
9:34 Double-Bit Axe
16:14 Horse Collar
19:41 Castle Age
18:39 Bloodlines
20:19 Scale Barding Armor
20:50 Gold Mining
22:21 Husbandry
27:56 Chain Barding Armor
33:35 Wheelbarrow
33:43 Light Cavalry
34:29 Stone Mining
36:18 Forging
36:49 Hand Cart
39:31 Imperial Age
39:37 Imperial Age
Connection lost

Rejoining the realm…

Still unreachable

The connection could not be restored.

Session expired

The server has moved on; the page needs a fresh start.